 Dungeon Crawl Stone Soup version 0.29.0-7-g18a832c13a (webtiles) character file.

Game seed: 7178680854043114505

1292 Colgate the Insei (level 8, -3/58 HPs)
             Began as an Octopode Transmuter on Aug 30, 2022.
             Was a Follower of Trog.
             Slain by an orc
             ... wielding a +0 trident
              (8 damage)
             ... on level 5 of the Dungeon.
             The game lasted 00:15:52 (3850 turns).

Colgate the Insei (Octopode Transmuter)             Turns: 3850, Time: 00:15:52

Health: -3/58      AC:  1    Str:  9    XL:     8   Next: 56%
Magic:  11/11      EV: 14    Int: 17    God:    Trog [*.....]
Gold:   74         SH:  0    Dex: 13    Spells: 5/11 levels left

rFire   . . .      SeeInvis .     - Unarmed
rCold   . . .      Faith    .   (no shield)
rNeg    . . .      Spirit   .   (helmet restricted)
rPois   +          Reflect  .   q - amulet of regeneration
rElec   .          Harm     .   o - ring of poison resistance
rCorr   .          Rampage  .   (no ring)
Will    .....                   (no ring)
Stlth   ++........              (no ring)
HPRegen 0.99/turn               (no ring)
MPRegen 0.12/turn               (no ring)
                                (no ring)
                                (no ring)

@: on berserk cooldown, slowed, very slow
A: almost no armour, amphibious, 8 rings, camouflage 1, gelatinous body 1,
(nimble swimmer 1), tentacles
a: Renounce Religion, Berserk


You were on level 5 of the Dungeon.
You worshipped Trog.
Trog was aware of your devotion.
You visited 1 branch of the dungeon, and saw 5 of its levels.

You collected 189 gold pieces.
You spent 115 gold pieces at shops.

Inventory:

Hand Weapons
 b - a +0 shortbow
Armour
 m - an orb of light
 n - a +0 kite shield
 t - a +0 buckler
Jewellery
 o - a ring of poison resistance (left tentacle)
 q - an amulet of regeneration (around mantle)
Wands
 s - a wand of iceblast (12) {@v2}
Scrolls
 j - 4 scrolls of immolation
 k - 2 scrolls of blinking {@r4}
 l - a scroll of fear
 p - 4 scrolls of teleportation {unknown}
 r - a scroll of enchant armour {unknown}
Potions
 a - 3 potions of lignification
 c - 2 potions of flight
 d - a potion of berserk rage
 e - 5 potions of curing {@q1}
 f - a potion of cancellation {unknown}
 g - a potion of magic {unknown}
 h - 2 potions of haste {unknown}
 i - a potion of heal wounds {unknown}


   Skills:
 - Level 6.3 Fighting
 + Level 4.6 Dodging
 - Level 7.1 Unarmed Combat
 - Level 2.0 Spellcasting
 - Level 2.2 Transmutations
 - Level 1.0 Poison Magic


You had 5 spell levels left.
You knew the following spells:

 Your Spells              Type           Power      Damage    Failure   Level
a - Beastly Appendage     Tmut           18%        N/A       8%          1
b - Wereblood             Tmut           9%         N/A       12%         2
c - Spider Form           Tmut/Pois      7%         N/A       30%         3

Your spell library contained the following spells:

 Spells                   Type           Power      Damage    Failure   Level
 Ice Form                 Ice/Tmut       5%         N/A       77%         4


Dungeon Overview and Level Annotations

Branches:
Dungeon (5/15)
 Temple: D:4-7

Altars:
Dithmenos
Fedhas
Hepliaklqana
Sif Muna
Trog
Wu Jian
Zin

Shops:
D:3 ?   D:5 (


Innate Abilities, Weirdness & Mutations

You cannot wear most types of armour.
You are amphibious.
You can wear up to eight rings at the same time.
Your skin changes colour to match your surroundings (Stealth+).
Your rubbery body absorbs attacks. (AC +1, EV +1)
((You are camouflaged when in or above water. (Stealth+)))
You have tentacles for arms and can constrict up to eight enemies at once.


Message History

Trog accepts your kill.
You bludgeon the black bear! Your grab misses the black bear.
You squeeze the black bear!
The black bear goes berserk!
You barely miss the black bear. You grab the black bear.
You constrict the black bear.
An orc comes into view. It is wielding a +0 trident.
The black bear bites you!
* * * LOW HITPOINT WARNING * * *
The black bear completely misses you. The black bear claws you.
* * * LOW HITPOINT WARNING * * *
The orc shouts!
You tentacle-slap the black bear.
You kill the black bear!
Trog accepts your kill. The orc wizard closely misses you.
The orc wizard casts a spell.
The orc wizard flickers and vanishes!
Deactivating autopickup; reactivate with Ctrl-A.
Your Dodging skill increases to level 4!
You bludgeon the orc wizard!
You kill the orc wizard!
Trog accepts your kill.
Trog appreciates your killing of a magic user.
Found a blossoming altar of Fedhas.
You closely miss the orc wizard. You grab the orc wizard.
You constrict the orc wizard.
The orc wizard struggles to escape constriction.
You bludgeon the orc wizard! You constrict the orc wizard.
You bludgeon the orc wizard!
You kill the orc wizard!
Trog accepts your kill.
Trog appreciates your killing of a magic user.
Found Keruch's Weapon Boutique.
You feel a strong urge to attack something.
You are no longer berserk.
You are exhausted.
You feel yourself slow down. Something hits you.
* * * LOW HITPOINT WARNING * * *
The orc hits you from afar with a +0 trident!
You die...

#.....#. #..... ..
##....## # ..... .. .#
......#. ..#.... ..
#.#......#... ....... .#
.....#.###... .......
.#...∩....##.... .......
.#.....#..#.....
.......#...# ###..#.....
~~~..##@...###..........
_~~..o...............<..
~~....).#.......>.......
~.~.....##..............
.......).#..............
..#.#..).........†..##.#
. ###...............##.#
#................####
..............#..##


You could see an orc.

Vanquished Creatures
  Pikel (D:4)
  A water moccasin (D:5)
  A black bear (D:5)
  2 ogres
  A centaur (D:5)
  2 lemures (D:4)
  A phantom (D:4)
  A necrophage (D:4)
  3 hounds (D:4)
  2 orc wizards (D:5)
  Robin (D:3)
  2 adders
  4 gnolls (D:2)
  A worm (D:2)
  A dart slug (D:4)
  4 orcs
  6 ball pythons
  9 endoplasms
  2 giant cockroaches
  12 goblins
  12 hobgoblins
  8 jackals
  5 quokkas
  9 bats
  3 frilled lizards
  5 kobolds
  3 rats (D:1)
102 creatures vanquished.

Notes
Turn   | Place    | Note
-------+----------+-------------------------------------------
     0 | D:1      | Colgate the Octopode Transmuter began the quest for the
                  | Orb.
     0 | D:1      | Reached XP level 1. HP: 13/13 MP: 3/3
   195 | D:1      | Reached XP level 2. HP: 18/18 MP: 5/5
   378 | D:1      | Learned a level 2 spell: Wereblood
   546 | D:1      | Reached skill level 4 in Unarmed Combat
  1123 | D:2      | Reached XP level 3. HP: 23/23 MP: 0/6
  1146 | D:2      | Reached XP level 4. HP: 11/28 MP: 2/7
  1452 | D:2      | Reached skill level 5 in Unarmed Combat
  1476 | D:2      | Learned a level 3 spell: Spider Form
  1671 | D:2      | Reached skill level 1 in Poison Magic
  1992 | D:3      | Found a shadowy altar of Dithmenos.
  1993 | D:3      | Found a bloodstained altar of Trog.
  1993 | D:3      | Found a glowing silver altar of Zin.
  2001 | D:3      | Found an ornate altar of the Wu Jian Council.
  2001 | D:3      | Found a shimmering blue altar of Sif Muna.
  2004 | D:3      | Became a worshipper of Trog the Wrathful
  2090 | D:3      | Found Ybusigun's Magic Scroll Shop.
  2098 | D:3      | Bought a scroll of blinking for 75 gold pieces
  2098 | D:3      | Bought a scroll of fear for 40 gold pieces
  2384 | D:3      | Noticed Robin
  2385 | D:3      | Reached XP level 5. HP: 34/34 MP: 8/8
  2390 | D:3      | Killed Robin
  2494 | D:3      | Found a hazy altar of Hepliaklqana.
  2616 | D:3      | Reached * piety under Trog
  3072 | D:4      | Noticed a phantom
  3080 | D:4      | Killed a phantom
  3081 | D:4      | Reached XP level 6. HP: 39/39 MP: 9/9
  3168 | D:4      | Reached skill level 6 in Unarmed Combat
  3384 | D:4      | Reached skill level 7 in Unarmed Combat
  3392 | D:4      | Reached XP level 7. HP: 44/45 MP: 10/10
  3426 | D:4      | Noticed Pikel
  3449 | D:4      | Killed Pikel
  3450 | D:4      | Reached skill level 5 in Fighting
  3450 | D:4      | Reached XP level 8. HP: 18/57 MP: 11/11
  3707 | D:5      | Entered Level 5 of the Dungeon
  3841 | D:5      | HP: 4/87 [black bear (8)]
  3844 | D:5      | Found a blossoming altar of Fedhas.
  3848 | D:5      | Found Keruch's Weapon Boutique.
  3850 | D:5      | Slain by an orc

Illustrated notes

Levels and vault maps discovered:
D:1:      dpeg_arrival_houses_and_road, layout_basic, interstate_on_off
D:2:      layout_loops_cross
D:3:      layout_basic, grunt_temple_overflow_open,
          mainiacjoe_overflow_small_starburst, serial_shops, shop_statue,
          uniq_robin
D:4:      layout_basic, uniq_pikel
D:5:      layout_cave_pools, fedhas_altar_2, minmay_temple_entry_statues,
          serial_shops, shop

Skill      XL: |  1  2  3  4  5  6  7  8 |
---------------+-------------------------+-----
Unarmed Combat | 4 5 7 |  7.1
Poison Magic   | 1 |  1.0
Fighting       | 2 5 6 |  6.3
Dodging        | 4 |  4.6
Spellcasting   | |  2.0
Transmutations | |  2.2

Action                   |  1- 3 |  4- 6 |  7- 9 || total
-------------------------+-------+-------+-------++-------
Melee: Unarmed           |    48 |   120 |    41 ||   209
       Tentacles         |    12 |    30 |    12 ||    54
       Constrict         |    10 |    39 |     6 ||    55
       Kick              |     9 |     4 |       ||    13
       Punch             |       |     7 |     1 ||     8
 Fire: Shortbow          |       |    17 |    13 ||    30
 Cast: Beastly Appendage |    10 |     2 |       ||    12
       Wereblood         |     1 |     3 |       ||     4
       Spider Form       |       |     2 |       ||     2
Invok: Berserk           |       |     1 |     2 ||     3
  Use: Scroll            |     2 |     1 |     1 ||     4
 Stab: Sleeping          |     3 |     5 |       ||     8
Armor: Skin              |     2 |    12 |     5 ||    19
Dodge: Dodged            |    21 |    50 |    27 ||    98
